 Dungeon Crawl Stone Soup version 0.21.1-1-g345015fe64 (webtiles) character file.

7765 Gargoyl the Spear-Bearer (level 11, -8/92 HPs)
             Began as a Centaur Abyssal Knight on May 16, 2018.
             Was a Priest of Lugonu.
             Mangled by a hellwing (11 damage)
             ... summoned by an orc sorcerer
             ... on level 9 of the Dungeon.
             The game lasted 00:17:20 (9597 turns).

Gargoyl the Spear-Bearer (Centaur Abyssal Knight)   Turns: 9597, Time: 00:17:21

Health: -8/92      AC: 21    Str: 17    XL:     11   Next: 1%
Magic:  15/15      EV:  1    Int: 11    God:    Lugonu [***...]
Gold:   411        SH:  3    Dex: 10    Spells: 10/10 levels left

rFire    + . .     SeeInvis .   d - +5 trident (vamp)
rCold    + . .     Gourm    .   b - +0 buckler
rNeg     . . .     Faith    .   k - +0 plate armour
rPois    +         Spirit   .   (no helmet)
rElec    .         Reflect  .   s - +0 cloak {rPois}
rCorr    .         Harm     .   x - +0 pair of gloves
MR       .....                  e - +2 centaur barding {rF+}
Stlth    ..........             (no amulet)
HPRegen  0.25/turn              (no ring)
MPRegen  0.14/turn              (no ring)

@: lethally poisoned (-8 -> -16), very quick
A: large, hooves 3, cold resistance 1, deformed body, speed 2, low mp 1, tough
skin 3
a: Depart the Abyss, Bend Space, Banish, Renounce Religion


You were on level 9 of the Dungeon.
You worshipped Lugonu.
Lugonu was most pleased with you.
You were not hungry.

You visited 1 branch of the dungeon, and saw 9 of its levels.
You visited the Abyss 2 times.

You collected 411 gold pieces.

Inventory:

Hand Weapons
 a - a +1 hand axe
 d - a +5 vampiric trident (weapon)
 l - a +4 hand axe
 p - a +6 battleaxe of chopping
Armour
 b - a +0 buckler (worn)
 e - a +2 centaur barding of fire resistance (worn)
 k - a +0 plate armour (worn)
 s - a +0 cloak of poison resistance (worn)
 x - a +0 pair of gloves (worn)
Wands
 n - a wand of random effects (25)
 o - a wand of flame (50)
 q - a wand of digging (11)
 t - a wand of paralysis (16)
Scrolls
 c - 2 scrolls of identify
 f - a scroll of fog
 h - 3 scrolls of remove curse
 r - a scroll of fear
 u - 2 scrolls of blinking
 y - a scroll of teleportation
Potions
 j - 2 potions of agility
 m - a potion of resistance
 w - a potion of cancellation
Books
 v - a book of Necromancy

   Spells                             Type                      Level
   a - Pain                           Necromancy                   1
   b - Animate Skeleton               Necromancy                   1
   c - Vampiric Draining              Necromancy                   3
   d - Regeneration                   Charms/Necromancy            3
   e - Animate Dead                   Necromancy                   4
   f - Borgnjor's Vile Clutch         Necromancy/Earth             5
 A - the Collected Works on Supportive Dark Arts
   (You found it on level 9 of the Dungeon)

   Spells                             Type                      Level
   a - Sublimation of Blood           Necromancy                   2
   b - Call Imp                       Summoning                    2
   c - Dispel Undead                  Necromancy                   5
   d - Malign Gateway                 Summoning/Translocation      7
Comestibles
 g - 4 chunks of flesh
 i - 17 rations


   Skills:
 + Level 7.0 Fighting
 + Level 2.0(5.7) Axes
 + Level 8.5(8.7) Polearms
 * Level 7.8 Armour
 + Level 2.4 Dodging
 * Level 8.0 Invocations


You had 10 spell levels left.
You didn't know any spells.

Dungeon Overview and Level Annotations

Branches:
Dungeon (9/15)             Temple (0/1) D:7
   Lair: D:8-11         Orc: D:9-12

Altars:
Cheibriados
Gozag
Nemelex Xobeh
Okawaru
Qazlal
Ru
Vehumet

Shops:
D:6 %   D:7 :   D:8 :

Annotations:
D:9 exclusion: obsidian statue


Innate Abilities, Weirdness & Mutations

You have hooves in place of feet.
Armour fits poorly on your strangely shaped body.
You cover ground very quickly.
You have extremely tough skin. (AC +3)
Your flesh is cold resistant. (rC+)
Your magical capacity is low. (-10% MP)


Message History

The killer bee stings you but does no damage. x4
The ice devil splashes around in the water.
Unknown command.
You miss the killer bee.
The killer bee is heavily wounded.
* * * LOW HITPOINT WARNING * * *
You feel sick.
The killer bee stings you but does no damage. x2
The killer bee stings you.
* * * LOW HITPOINT WARNING * * *
The killer bee stings you but does no damage.
The ice devil hits you but does no damage.
You closely miss the killer bee.
The killer bee is heavily wounded.
* * * LOW HITPOINT WARNING * * *
You feel sick. The killer bee stings you.
* * * LOW HITPOINT WARNING * * *
The killer bee stings you but does no damage.
The hellwing hits you!
You die...

...# ..... ##.##≈≈....#......#.#
...# .....≈##...##≈....####'###.#
...###....≈#.....#≈.#'###........
.....#............≈.....#........
#....#....≈#†....#≈.....#........
#....#....≈##...##≈.##..#........
#....#....≈≈##3##≈≈.....#........
.....+.....≈≈≈o4≈≈......#........
.....#.........4@.†.....#........
.....# ........yy#......#........
.....# ..........#......#........
.....#############......#########
...............................
...............................
.................#....)........
.....#...........#....##.......
.....#...........#....# .......


You could see a sun demon, a hellwing, an ice devil, an orc sorcerer and 2
killer bees.

Vanquished Creatures
  A hydra (D:8)
  A two-headed ogre (D:9)
  A wizard (D:9)
  The ghost of Peloso the Slasher, a novice DsFi of Okawaru (D:4)
  Joseph (D:9)
  2 dream sheep (D:8)
  Grinder (D:3)
  Sigmund (D:2)
  2 yaks (D:8)
  Menkaure (D:7)
  A water moccasin (D:8)
  2 porcupines (D:9)
  A black bear (D:7)
  2 ice beasts
  4 sky beasts
  4 ogres
  A necrophage (D:7)
  A centaur (D:8)
  A crocodile (D:9)
  Blork the orc (D:4)
  5 big kobolds
  5 bullfrogs
  2 scorpions
  5 killer bees (D:9)
  5 wights (D:6)
  A crimson imp (D:8)
  3 quasits
  2 centaur zombies
  A bullfrog zombie (D:5)
  2 hounds (D:6)
  An orc priest (D:6)
  Crazy Yiuf (D:3)
  2 centaur skeletons
  5 iguanas
  4 worker ants
  2 hound zombies (D:9)
  A howler monkey zombie (D:7)
  Robin (D:3)
  A howler monkey skeleton (D:5)
  8 adders
  A shadow imp (D:6)
  An adder skeleton (D:5)
  A worm (D:2)
  A dart slug (D:2)
  4 leopard geckos
  8 orcs
  6 bats
  7 giant cockroaches
  16 goblins
  7 hobgoblins
  8 jackals
  2 quokkas
  10 frilled lizards
  A jackal skeleton (D:4)
  17 kobolds
  A quokka zombie (D:6)
  7 rats
185 creatures vanquished.

Vanquished Creatures (others)
  An unseen horror (D:9)
  A hornet (D:8)
  A lurking horror (Abyss:2)
3 creatures vanquished.

Grand Total: 188 creatures vanquished

Notes
Turn   | Place    | Note
-------+----------+-------------------------------------------
     0 | Abyss:1  | Gargoyl the Centaur Abyssal Knight began the quest for the Orb.
     0 | Abyss:1  | Reached XP level 1. HP: 19/19 MP: 2/2
    74 | Abyss:1  | Found a blossoming altar of Fedhas.
    86 | Abyss:2  | Noticed a small abomination
    92 | Abyss:2  | Noticed a bone dragon
   119 | Abyss:2  | Noticed an orange demon
   125 | Abyss:2  | Noticed a wraith
   133 | D:1      | Escaped the Abyss
   376 | D:1      | Reached * piety under Lugonu
   411 | D:1      | Reached XP level 2. HP: 26/26 MP: 3/3
  1305 | D:2      | Reached XP level 3. HP: 33/33 MP: 4/4
  1418 | D:2      | Found an opulent altar of Gozag.
  1447 | D:2      | Reached ** piety under Lugonu
  1601 | D:2      | Noticed Sigmund
  1611 | D:2      | Killed Sigmund
  1611 | D:2      | Reached skill level 1 in Dodging
  1611 | D:2      | Reached XP level 4. HP: 18/40 MP: 4/6
  1611 | D:2      | Reached XP level 5. HP: 21/46 MP: 4/7
  1848 | D:2      | Found a sparkling altar of Nemelex Xobeh.
  1848 | D:2      | Found a radiant altar of Vehumet.
  1854 | D:2      | Found a faded altar of an unknown god.
  1856 | D:2      | Found a faded altar of an unknown god.
  1857 | D:2      | Found an iron altar of Okawaru.
  1930 | D:3      | Noticed Robin
  2161 | D:3      | Killed Robin
  2170 | D:3      | Got a heavily runed helmet
  2179 | D:3      | Identified the +2 helmet of the Stallion {Str-3 Dex+6 Slay-2} (You took it off Robin on level 3 of the Dungeon)
  2542 | D:3      | Found a runed door.
  2705 | D:3      | Noticed Grinder
  2715 | D:3      | Killed Grinder
  2715 | D:3      | Reached XP level 6. HP: 49/53 MP: 8/8
  2757 | D:3      | Found a faded altar of an unknown god.
  2838 | D:3      | Noticed Crazy Yiuf
  2846 | D:3      | Killed Crazy Yiuf
  3071 | D:4      | Noticed Blork the orc
  3086 | D:4      | Killed Blork the orc
  3086 | D:4      | Reached XP level 7. HP: 22/60 MP: 9/9
  3400 | D:4      | Found a sacrificial altar of Ru.
  3527 | D:4      | Noticed Peloso's ghost (novice DsFi)
  3806 | D:4      | Killed Peloso's ghost
  4098 | D:5      | Entered Level 5 of the Dungeon
  4202 | D:5      | Reached XP level 8. HP: 47/67 MP: 11/11
  4247 | D:5      | Reached *** piety under Lugonu
  4257 | D:5      | Reached skill level 5 in Fighting
  4769 | D:5      | Found a stormy altar of Qazlal.
  5310 | D:6      | Reached skill level 5 in Invocations
  5557 | D:6      | Found Siclyfugh's Food Emporium.
  5610 | D:6      | Reached skill level 5 in Polearms
  5674 | D:6      | Reached skill level 5 in Armour
  5939 | D:6      | Found an opulent altar of Gozag.
  6101 | D:7      | Reached XP level 9. HP: 74/74 MP: 13/13
  6126 | D:7      | Noticed Menkaure
  6136 | D:7      | Killed Menkaure
  6136 | D:7      | Reached **** piety under Lugonu
  6240 | D:7      | Found a staircase to the Ecumenical Temple.
  6606 | D:7      | Found Xenyn's Book Emporium.
  7115 | D:8      | Found a snail-covered altar of Cheibriados.
  7144 | D:8      | Gained mutation: Your magical capacity is low. (-10% MP) [potion of mutation]
  7144 | D:8      | Gained mutation: Your flesh is cold resistant. (rC+) [potion of mutation]
  7811 | D:8      | Found Vyneiwk's Book Shoppe.
  8095 | D:8      | Identified a scroll of acquirement
  8252 | D:8      | Reached XP level 10. HP: 49/83 MP: 13/13
  8424 | D:8      | Noticed a three-headed hydra
  8436 | D:8      | Killed a three-headed hydra
  8534 | D:9      | Noticed an obsidian statue
  8542 | D:9      | Noticed an orange demon
  8692 | D:9      | Noticed a wizard
  8693 | D:9      | Cast into level 2 of the Abyss (a wizard)
  8769 | Abyss:4  | Noticed a wretched star
  8770 | D:9      | Escaped the Abyss
  8771 | D:9      | Noticed an orc sorcerer
  9011 | D:9      | Banished an unseen horror
  9213 | D:9      | Noticed a two-headed ogre
  9221 | D:9      | Killed a two-headed ogre
  9254 | D:9      | Noticed Joseph
  9275 | D:9      | Killed Joseph
  9372 | D:9      | Killed a wizard
  9553 | D:9      | Reached XP level 11. HP: 91/91 MP: 15/15
  9561 | D:9      | Identified the Collected Works on Supportive Dark Arts
  9592 | D:9      | Noticed a sun demon
  9597 | D:9      | HP: 3/92 [killer bee (2)]
  9597 | D:9      | Mangled by a hellwing

Skill      XL: |  1  2  3  4  5  6  7  8  9 10 11 |
---------------+----------------------------------+-----
Axes           | 2 |  2.0
Fighting       | 4 5 6 7 |  7.0
Polearms       | 2 3 4 5 7 8 |  8.5
Armour         | 2 3 4 5 6 7 |  7.8
Dodging        | 1 2 |  2.4
Invocations    | 3 4 5 7 8 |  8.0

Action                   |  1- 3 |  4- 6 |  7- 9 | 10-12 || total
-------------------------+-------+-------+-------+-------++-------
Melee: Trident           |    94 |    86 |   437 |   178 ||   795
       Kick              |    15 |    18 |    86 |    36 ||   155
Invok: Depart the Abyss  |     1 |       |       |     1 ||     2
       Banish            |       |       |     2 |     1 ||     3
       Bend Space        |       |       |       |     1 ||     1
Evoke: Wand              |       |       |     1 |     1 ||     2
  Use: Scroll            |     6 |     1 |    12 |     5 ||    24
       Potion            |     1 |       |    16 |     1 ||    18
 Stab: Confused          |       |       |     2 |       ||     2
  Eat: Ration            |     1 |     1 |     3 |     1 ||     6
       Chunk             |     2 |     3 |     2 |     2 ||     9
Armor: Leather armour    |    14 |       |       |       ||    14
       Scale mail        |    18 |    63 |   114 |       ||   195
       Skin              |       |       |    16 |       ||    16
       Plate armour      |       |       |   212 |   211 ||   423
Dodge: Dodged            |    44 |    43 |   105 |    18 ||   210
Block: Buckler           |       |       |       |    10 ||    10
